Map: Blackpink LE

Players

Probe

  • Race: Protoss Protoss
  • Spawn Location: 7:00

Bly - Winner!

  • Race: Zerg Zerg
  • Spawn Location: 1:00

Event: IEM Season 12 - PyeongChang

VOD

Have the link to the VOD?

Description

Time

  • Played on: Feb. 5, 2018, 3:21 a.m.
  • Length: 6:35

All games in this series

Show
View Real Time Build Order
Export as new Build Order

Probe Protoss 

Build Orders: 1 Gate Expand, Oracle Opening, Phoenix Opening, Zealot Archon, Archon Drop 

Get SALT Encoding   

  12  0:00  Probe  
  13  0:12  Probe  
  14  0:18  Pylon  
  14  0:24  Probe  
  15  0:37  Probe (Chrono Boost)  
  15  0:38  Gateway  
  16  0:47  Probe (Chrono Boost)  
  17  0:51  Assimilator  
  17  0:52  Probe (Chrono Boost)  
  18  1:03  Probe  
  19  1:15  Probe  
  20  1:24  Nexus  
  20  1:34  Cybernetics Core  
  20  1:36  Probe  
  21  1:42  Assimilator  
  21  1:48  Probe  
  21  1:53  Pylon  
  22  2:00  Probe  
  23  2:08  Probe  
  23  2:09  Adept (Chrono Boost)  
  23  2:11  Warp Gate  
  26  2:16  Probe  
  27  2:27  Probe  
  27  2:28  Adept  
  30  2:36  Stargate, Probe  
  31  2:39  Probe  
  32  2:48  Probe  
  34  2:51  Probe  
  34  3:00  Probe  
  34  3:03  Probe  
  36  3:07  Gateway  
  36  3:12  Probe  
  37  3:15  Probe  
  37  3:18  Phoenix (Chrono Boost)  
  40  3:21  Pylon  
  40  3:24  Probe  
  41  3:27  Probe  
  41  3:32  Robotics Facility  
  40  3:35  Oracle (Chrono Boost)  
  40  3:36  Probe  
  40  3:39  Probe  
  45  3:45  Assimilator  
  45  3:47  Assimilator  
  45  3:48  Probe  
  45  3:51  Probe  
  47  3:59  Twilight Council  
  47  4:01  Probe  
  48  4:04  Probe  
  48  4:05  Pylon  
  49  4:11  Gateway  
  49  4:13  Gateway, Probe  
  49  4:16  Probe  
  51  4:18  Warp Prism (Chrono Boost)  
  53  4:30  Charge (Chrono Boost)  
  53  4:36  Templar Archives  
  53  4:41  Gateway x2  
  53  4:45  Gateway  
  53  4:51  Gateway  
  53  4:53  Pylon  
  53  4:57  Pylon  
  53  5:03  Shield Battery  
  53  5:22  Zealot x4  
  61  5:33  Pylon  
  61  5:34  Pylon  
  61  5:42  High Templar x3  
  67  5:43  High Templar  
  67  5:44  Zealot x3  
  67  5:45  Zealot  
  67  5:46  Archon  
  67  5:48  Archon  
  73  6:17  High Templar x3  
  73  6:18  Zealot x5  
  67  6:24  Pylon  
Show
View Real Time Build Order
Export as new Build Order

Bly Zerg - Winner!

Build Orders: Hatch First 

Get SALT Encoding   

  12  0:01  Drone  
  13  0:12  Overlord  
  13  0:18  Drone  
  14  0:31  Drone x2  
  16  0:36  Drone  
  17  0:51  Hatchery  
  17  0:55  Drone  
  17  1:00  Extractor  
  16  1:12  Spawning Pool  
  16  1:14  Drone  
  16  1:17  Drone  
  17  1:21  Drone  
  18  1:31  Drone  
  19  1:43  Overlord  
  19  1:55  Drone  
  19  1:58  Queen  
  22  2:01  Zergling x2  
  22  2:02  Metabolic Boost  
  22  2:06  Queen  
  25  2:09  Zergling x2  
  26  2:17  Drone x2  
  28  2:24  Drone  
  29  2:37  Hatchery  
  28  2:50  Drone x4  
  32  2:51  Overlord  
  32  3:05  Queen  
  34  3:10  Drone x3  
  34  3:12  Drone x3  
  40  3:14  Drone  
  41  3:20  Drone  
  41  3:23  Overlord  
  41  3:25  Spore Crawler  
  41  3:31  Drone  
  41  3:39  Overlord  
  41  3:44  Drone x4  
  41  3:45  Lair  
  45  3:53  Drone x5  
  50  3:58  Overlord  
  50  4:06  Drone x2  
  50  4:08  Extractor  
  51  4:10  Queen, Extractor  
  52  4:17  Zergling x12  
  52  4:20  Overlord  
  58  4:29  Overlord  
  58  4:34  Spore Crawler  
  58  4:35  Spore Crawler  
  56  4:43  Drone x5  
  61  4:46  Overlord, Hydralisk Den  
  61  4:51  Baneling Nest  
  58  4:54  Spore Crawler  
  58  4:56  Queen  
  59  5:02  Zergling x10  
  59  5:06  Zergling x2  
  59  5:07  Zergling x4  
  67  5:12  Zergling x2  
  67  5:13  Zergling x4  
  70  5:18  Hydralisk x2  
  73  5:28  Hydralisk  
  73  5:29  Hydralisk x2  
  79  5:38  Baneling  
  79  5:39  Baneling x2  
  79  5:40  Baneling x2  
  79  5:41  Hydralisk x3  
  85  5:44  Baneling  
  85  5:47  Zergling x6  
  88  5:50  Overlord  
  88  5:52  Baneling x2  
  88  5:59  Baneling x2  
  88  6:00  Baneling  
  83  6:21  Drone x10  

Tags
 
Add a new tag
Caveats
  • Supply blocks, unpowered buildings, or Contaminate may cause inaccurate times.
  • Supply counts are checked every 10 seconds.